 Dungeon Crawl Stone Soup version 0.31.0-1-g2c135a0 (webtiles) character file.

Game seed: 3749838346883226575

1288 vanzer the Digger (level 8, -9/44 HPs)
             Began as a Gargoyle Earth Elementalist on Apr 1, 2024.
             Was an Initiate of Vehumet.
             Mangled by a wight
             ... wielding a +2 halberd
              (13 damage)
             ... on level 6 of the Dungeon.
             The game lasted 01:06:35 (4807 turns).

vanzer the Digger (Gargoyle Earth Elementalist)     Turns: 4807, Time: 01:06:40

Health: -9/44      AC: 19    Str: 11    XL:     8   Next: 55%
Magic:  10/15      EV: 11    Int: 19    God:    Vehumet [......]
Gold:   129        SH:  0    Dex: 10    Spells: 10/17 levels left

rFire   . . .        C - +2 dagger (venom)
rCold   + . .        c - orb {*channel}
rNeg    + . .        D - +3 ring mail
rPois   ∞            (no helmet)
rElec   +            t - +0 cloak
rCorr   .            H - +1 pair of gloves
SInv    .            x - +0 pair of boots
Will    .....        q - amulet of regeneration
Stlth   +            p - ring of protection from cold
HPRegen 1.07/turn    (no ring)
MPRegen 0.14/turn

%: channel magic (20%)
@: very slightly contaminated
A: sickness immunity, AC +5, negative energy resistance 1, electricity
resistance, torment resistance 1, petrification resistance
a: Renounce Religion


You were on level 6 of the Dungeon.
You worshipped Vehumet.
Vehumet was noncommittal.
You visited 2 branches of the dungeon, and saw 7 of its levels.

You collected 294 gold pieces.
You spent 165 gold pieces at shops.

Inventory:

Hand Weapons
 h - a +2 dagger of flaming
 s - a +2 dagger of flaming
 y - a +0 vampiric dagger
 C - a +2 dagger of venom (weapon)
Missiles
 d - 50 stones
 E - 7 poisoned darts (quivered)
Armour
 c - an orb of energy (worn)
 k - a +0 ring mail
 t - a +0 cloak (worn)
 x - a +0 pair of boots (worn)
 A - a +0 pair of gloves
 D - a +3 ring mail (worn)
 H - a +1 pair of gloves (worn)
Jewellery
 p - a ring of protection from cold (left hand)
 q - an amulet of regeneration (around neck)
 J - an amulet of reflection
 K - a ring of positive energy
 M - an amulet of faith
Wands
 a - a wand of digging (2)
Scrolls
 f - a scroll of teleportation {unknown}
 g - 2 scrolls of vulnerability {unknown}
 i - 2 scrolls of blinking {unknown}
 j - 3 scrolls of identify
 m - 3 scrolls of amnesia {unknown}
 o - 2 scrolls of fear {unknown}
 r - 2 scrolls of enchant armour {unknown}
 B - a scroll of poison {unknown}
 F - a scroll of silence {unknown}
 G - 2 scrolls of noise {unknown}
Potions
 b - 2 potions of magic
 e - a potion of degeneration {unknown}
 l - 5 potions of curing {unknown}
 n - 2 potions of haste {unknown}
 u - a potion of lignification {unknown}
 v - a potion of cancellation {unknown}
 w - 3 potions of resistance
 z - 2 potions of enlightenment {unknown}
 I - a potion of heal wounds {unknown}
 L - a potion of invisibility {unknown}


   Skills:
 + Level 2.2 Fighting
 + Level 2.2 Short Blades
 + Level 1.5 Throwing
 + Level 4.1 Armour
 - Level 2.9 Dodging
 + Level 3.1 Stealth
 + Level 0.7 Unarmed Combat
 + Level 5.0 Spellcasting
 + Level 1.1 Conjurations
 + Level 7.2 Earth Magic


You had 10 spell levels left.
You knew the following spells:

 Your Spells              Type           Power      Damage    Failure   Level
a - Sandblast             Erth           64%        2d14      7%          1
b - Passwall              Erth           32%        N/A       13%         3
c - Stone Arrow           Conj/Erth      40%        3d9       34%         3

Your spell library contained the following spells:

 Spells                   Type           Power      Damage    Failure   Level
 Necrotise                Necr           16%        1d4       50%         1
 Brom's Barrelling Bould  Conj/Erth      20%        2d4       67%         4
 Petrify                  Alch/Erth      18%        N/A       75%         4
 Vampiric Draining        Necr           4%         2d6       82%         3
 Volatile Blastmotes      Fire/Tloc      8%         2d10      82%         3
 Fulminant Prism          Conj/Alch      3%         3d5       98%         4
 Iskenderun's Mystic Bla  Conj/Tloc      6%         2d4       98%         4
 Martyr's Knell           Necr/Summ      4%         N/A       99%         4
 Curse of Agony           Necr           4%         N/A       100%        5


Dungeon Overview and Level Annotations

Branches:
Dungeon (6/15)             Temple (1/1) D:5

Altars:
Ashenzari
Cheibriados
Dithmenos
Hepliaklqana
Kikubaaqudgha
Makhleb
Ru
Uskayaw
Vehumet
Wu Jian
Zin
The Shining One

Shops:
D:1 =!*   D:5 [([


Innate Abilities, Weirdness & Mutations

You are immune to sickness and miasma.
Your stone body is resilient. (AC +5)
You are immune to poison.
You resist negative energy. (rN+)
You are resistant to electric shocks. (rElec)
You are resistant to unholy torment.
You are immune to petrification.


Message History

Casting: Sandblast (safe; 7% risk of failure)
Confirm with . or Enter, or press ? or * to list all spells.
Aiming: Sandblast (safe; 7% risk of failure)
Press: ? - help, Shift-Dir - straight line, f - wight
Aim: a wight, wielding a +0 battleaxe and wearing a +0 robe (severely damaged, 84% to hit)
You miscast Sandblast.
You are very lightly contaminated with residual magic.
Nothing appears to happen.
Magical energy flows into your mind! The wight closely misses you.
The wight misses you.
Okay, then.
Casting: Sandblast (safe; 7% risk of failure)
Confirm with . or Enter, or press ? or * to list all spells.
Aiming: Sandblast (safe; 7% risk of failure)
Press: ? - help, Shift-Dir - straight line, f/p - wight
Aim: a wight, wielding a +0 battleaxe and wearing a +0 robe (severely damaged, 84% to hit)
The blast of sand hits the wight!
You destroy the wight!
Vehumet accepts your kill. The wight closely misses you.
The wight hits you from afar with a +2 halberd.
* * * LOW HITPOINT WARNING * * *
Your Spellcasting skill increases to level 5!
Casting: Sandblast (safe; 7% risk of failure)
Confirm with . or Enter, or press ? or * to list all spells.
Aiming: Sandblast (safe; 7% risk of failure)
Press: ? - help, Shift-Dir - straight line, f - wight
Aim: a wight, wielding a +2 halberd and wearing a +0 robe (84% to hit)
The blast of sand hits the wight!
The wight is severely damaged.
The wight hits you from afar with a +2 halberd!
* * * LOW HITPOINT WARNING * * *
Casting: Sandblast (safe; 7% risk of failure)
Confirm with . or Enter, or press ? or * to list all spells.
Aiming: Sandblast (safe; 7% risk of failure)
Press: ? - help, Shift-Dir - straight line, f/p - wight
Aim: a wight, wielding a +2 halberd and wearing a +0 robe (severely damaged, 84% to hit)
The blast of sand hits the wight but does no damage.
The wight is severely damaged.
The wight hits you from afar with a +2 halberd!
You die...

#.#.#.....#.####..........#
#.#.#...#.#.....÷.........####
####.#.#...#.######..............
.......#...#.. ............8.8.8.
####.###...##############........
#......)....#........#........
#######.###.#.######.#.#......
.....$............#_)....
###..#.#@######.#.#......
.....#.#)# #.#........ # .##.#z#
#.#........
.##.#.######<#..8.8.8.
.##.#.#...####..).)...
#.#../...........###
#.###...###..#...# ...# #.##...#
...##.. #...#


You could see a wight.

Vanquished Creatures
  Grinder (D:5)
  An ice beast (D:6)
  An ogre (D:6)
  4 scorpions
  2 wights (D:6)
  4 hounds
  2 bombardier beetles
  2 orc priests
  2 sleepcaps (D:5)
  4 orc wizards
  10 adders
  3 dart slugs
  2 ribbon worms
  7 orcs
  9 ball pythons
  8 endoplasms
  3 giant cockroaches
  4 hobgoblins
  4 jackals (D:2)
  5 quokkas
  5 bats
  4 frilled lizards
  7 goblins
  7 kobolds
  9 rats
110 creatures vanquished.

Notes
Turn   | Place    | Note
-------+----------+-------------------------------------------
     0 | D:1      | vanzer the Gargoyle Earth Elementalist began the quest for
                  | the Orb.
     0 | D:1      | Reached XP level 1. HP: 10/10 MP: 3/3
   236 | D:1      | Found Mugine's General Store.
   241 | D:1      | Reached skill level 4 in Earth Magic
   261 | D:1      | Reached XP level 2. HP: 9/15 MP: 5/5
   646 | D:1      | Found Vimuesed's Distillery.
   721 | D:1      | Found Ziaxt's Jewellery Emporium.
   727 | D:1      | Reached XP level 3. HP: 18/19 MP: 4/6
  1044 | D:2      | Reached XP level 4. HP: 24/24 MP: 5/7
  1115 | D:2      | Found a faded altar of an unknown god.
  1126 | D:2      | Reached skill level 1 in Short Blades
  1128 | D:2      | Reached skill level 1 in Armour
  1515 | D:2      | Found a glowing silver altar of Zin.
  1596 | D:3      | Reached skill level 5 in Earth Magic
  1596 | D:3      | Reached XP level 5. HP: 27/28 MP: 4/9
  2313 | D:4      | Found a sacrificial altar of Ru.
  2703 | D:4      | Reached XP level 6. HP: 22/33 MP: 8/10
  2790 | D:4      | Reached skill level 1 in Fighting
  3177 | D:5      | Entered Level 5 of the Dungeon
  3188 | D:5      | Reached XP level 7. HP: 38/38 MP: 9/12
  3330 | D:5      | Found a staircase to the Ecumenical Temple.
  3452 | D:5      | Found Xan Ziu's Antique Armour Boutique.
  3471 | D:5      | Bought a pair of glowing gloves for 165 gold pieces
  3512 | D:5      | Learned a level 3 spell: Passwall
  3516 | D:5      | Learned a level 3 spell: Stone Arrow
  3736 | D:5      | Noticed Grinder
  3738 | D:5      | Paralysed by Grinder for 3 turns
  3749 | D:5      | Killed Grinder
  3750 | D:5      | Reached skill level 1 in Throwing
  3750 | D:5      | Reached skill level 6 in Earth Magic
  3809 | D:5      | Found Ihubaf's Armour Shoppe.
  3843 | D:5      | Found Ydinkev's Antique Weapon Shoppe.
  4135 | Temple   | Entered the Ecumenical Temple
  4353 | Temple   | Became a worshipper of Vehumet
  4440 | D:6      | Reached XP level 8. HP: 44/44 MP: 12/14
  4491 | D:6      | Found a hide-covered altar of Uskayaw.
  4705 | D:6      | Reached skill level 7 in Earth Magic
  4806 | D:6      | Reached skill level 5 in Spellcasting
  4807 | D:6      | Mangled by a wight

Illustrated notes

Levels and vault maps discovered:
D:1:      onia_arrival_mini_maze_b, layout_basic, serial_shops, shop,
          nicolae_shop_tiny_waterfront, nicolae_shop_trees
D:2:      layout_rooms, basic_altar, nicolae_ecumenical_snake_handling
D:3:      layout_loops_ring, serial_forest, infiniplex_forest_3_way,
          infiniplex_forest_clump_large, infiniplex_forest_lined_room_,
          infiniplex_forest_fountain, infiniplex_forest_clump_cross,
          infiniplex_forest_clump_large, kennysheep_donut
D:4:      layout_loops_cross, mainiacjoe_overflow_24_doors,
          hangedman_decor_diamond_cutter
D:5:      layout_basic, temple_doors_e, serial_shops,
          nicolae_shop_rolling_square, nicolae_shop_statue_plus, shop,
          uniq_grinder
D:6:      layout_basic, eat_drink_and_be_merry_uskayaw, lightli_temple_of_fire,
          cheibrodos_sewer_entry_drain, kennysheep_cross_bottleneck,
          patterned_corridor, uniq_edmund
Temple:   cyrus_temple_forest

Skill      XL: |  1  2  3  4  5  6  7  8 |
---------------+-------------------------+-----
Earth Magic    | 4 5 6 7 |  7.2
Short Blades   | 1 2 |  2.2
Armour         | 1 2 3 4 |  4.1
Dodging        | 2 |  2.9
Spellcasting   | 3 4 5 |  5.0
Fighting       | 1 2 |  2.2
Throwing       | 1 |  1.5
Stealth        | 3 |  3.1
Unarmed Combat | |  0.7
Conjurations   | |  1.1

Action                     |  1- 3 |  4- 6 |  7- 9 || total
---------------------------+-------+-------+-------++-------
  Melee: Unarmed           |    15 |       |       ||    15
         Dagger            |    60 |   147 |    62 ||   269
  Throw: Dart              |       |    11 |     8 ||    19
   Cast: Sandblast         |    17 |    41 |    32 ||    90
         Passwall          |       |       |     2 ||     2
    Use: Scroll            |       |       |     1 ||     1
   Stab: Sleeping          |     2 |     1 |       ||     3
 Armour: Robe              |    24 |       |       ||    24
         Ring mail         |    32 |   184 |    55 ||   271
  Dodge: Dodged            |    52 |    83 |    41 ||   176
